 Dungeon Crawl Stone Soup version 0.28.0 (webtiles) character file.

Game seed: 6443166634982649270

53 croobank the Grasshopper (level 3, 0/33 HPs)
             Began as a Naga Warper on Feb 10, 2022.
             Slain by an adder (5 damage)
             ... on level 3 of the Dungeon.
             The game lasted 00:04:25 (1751 turns).

croobank the Grasshopper (Naga Warper)              Turns: 1751, Time: 00:04:26

Health: 0/33       AC:  2    Str: 15    XL:     3   Next: 87%
Magic:  6/6        EV:  9    Int: 13    God:
Gold:   27         SH:  0    Dex: 10    Spells: 4/6 levels left

rFire   . . .      SeeInvis +   j - +1 dagger (venom)
rCold   + . .      Faith    .   (no shield)
rNeg    . . .      Spirit   .   b - +0 leather armour
rPois   +          Reflect  .   (no helmet)
rElec   .          Harm     .   (no cloak)
rCorr   .          Rampage  .   (no gloves)
Will    .....                   (no barding)
Stlth   +.........              (no amulet)
HPRegen 0.11/turn               g - ring of protection from cold
MPRegen 0.10/turn               (no ring)

@: very slow
A: AC +1, large, see invisible, deformed body, poison resistance, slowness 2,
spit poison 1, naga tail 1
a: Spit Poison


You were on level 3 of the Dungeon.
You visited 1 branch of the dungeon, and saw 3 of its levels.

You collected 27 gold pieces.

Inventory:

Hand Weapons
 a - a +0 spear
 j - a +1 dagger of venom (weapon)
Missiles
 d - 3 boomerangs of dispersal (quivered)
 k - 23 stones
 m - 22 arrows
Armour
 b - a +0 leather armour (worn)
Jewellery
 g - a ring of protection from cold (left hand)
Scrolls
 c - a scroll of blinking
 e - a scroll of fog {unknown}
 f - a scroll of identify {unknown}
 l - a scroll of amnesia {unknown}
Potions
 h - a potion of brilliance {unknown}
 i - a potion of heal wounds {unknown}
 n - a potion of flight {unknown}


   Skills:
 + Level 2.4 Fighting
 + Level 2.0 Polearms
 + Level 0.8 Throwing
 + Level 1.8 Armour
 + Level 1.8 Dodging
 + Level 2.1 Spellcasting
 + Level 3.5 Translocations


You had 4 spell levels left.
You knew the following spells:

 Your Spells              Type           Power      Damage    Failure   Level
a - Blink                 Tloc           20%        N/A       11%         2

Your spell library contained the following spells:

 Spells                   Type           Power      Damage    Failure   Level
 Gell's Gravitas          Tloc           10%        N/A       22%         3
 Lesser Beckoning         Tloc           10%        N/A       22%         3
 Teleport Other           Tloc           10%        N/A       22%         3
 Manifold Assault         Tloc           10%        N/A       90%         5
 Storm Form               Tmut/Air       0%         N/A       100%        7


Dungeon Overview and Level Annotations

Branches:
Dungeon (2/15)

Altars:

Shops:
D:1 [


Innate Abilities, Weirdness & Mutations

Your serpentine skin is tough. (AC +1)
You have supernaturally acute eyesight. (SInv)
Armour fits poorly on your strangely shaped body.
Your system is resistant to poisons. (rPois)
You cover ground very slowly.
You can spit poison.
You have a snake-like lower body.


Message History

You feel stable enough to blink again.
An adder comes into view.
Found 16 bolts.
The adder hisses angrily.
The adder bites you.
* * * LOW HITPOINT WARNING * * *
Aiming: Spit Poison (2% risk of failure)
Press: ? - help, Shift-Dir - straight line, f - adder
Aim: an adder (37% to hit)
The splash of poison hits the adder!
The adder is almost dead.
The adder bites you.
* * * LOW HITPOINT WARNING * * *
You hit the adder.
You kill the adder!
You start resting.
You have got your breath back.
You start resting.
An adder comes into view.
The adder hisses angrily.
Aiming: Spit Poison (2% risk of failure)
Press: ? - help, Shift-Dir - straight line, f - adder
Aim: an adder (37% to hit)
The splash of poison misses the adder.
You closely miss the adder. The adder misses you. The adder barely misses you.
Throw: 5 boomerangs (disperse)
Press: ? - help, Q - select action, (/) - cycle Shift-Dir - straight line, f/p - adder
Aim: an adder (35% to hit)
You throw a boomerang of dispersal.
The boomerang of dispersal closely misses the adder.
The adder bites you.
* * * LOW HITPOINT WARNING * * *
Throw: 4 boomerangs (disperse)
Press: ? - help, Q - select action, (/) - cycle Shift-Dir - straight line, f/p - adder
Aim: an adder (35% to hit)
You throw a boomerang of dispersal.
The boomerang of dispersal closely misses the adder.
You have got your breath back.
The adder barely misses you. The adder bites you.
You die...

########.###.##.#
#........#
#########.....##
#.....S........#
#.#####.........#
#.# #...........(
#.# #.#.........#
#S###.##.........
#@.............##
#...........S#.#
..###.###..###.#
.... # ....#
##.#.# #.#..
#.###


You could see an adder.

Vanquished Creatures
  Natasha (D:3)
  An adder (D:3)
  A dart slug (D:3)
  An endoplasm (D:1)
  2 giant cockroaches
  2 goblins
  4 hobgoblins (D:1)
  A bat (D:1)
  2 kobolds (D:1)
  5 rats
20 creatures vanquished.

Notes
Turn   | Place    | Note
-------+----------+-------------------------------------------
     0 | D:1      | croobank the Naga Warper began the quest for the Orb.
     0 | D:1      | Reached XP level 1. HP: 19/19 MP: 3/3
    14 | D:1      | Found Kezo's Armour Shop.
   678 | D:1      | Reached XP level 2. HP: 15/27 MP: 5/5
   681 | D:1      | Learned a level 2 spell: Blink
  1468 | D:1      | Reached skill level 1 in Armour
  1654 | D:2      | You fall into a shaft and drop 1 floor!
  1668 | D:3      | Noticed Natasha
  1677 | D:3      | Noticed a crimson imp
  1677 | D:3      | Killed Natasha
  1678 | D:3      | Reached XP level 3. HP: 8/33 MP: 3/6
  1751 | D:3      | Slain by an adder

Illustrated notes

Levels and vault maps discovered:
D:1:      mrwooster_arrival_arrow, layout_loops_corners, serial_shops,
          nicolae_shop_competitors_out_of_business
D:2:      layout_basic, amcnicky_mini_corridor_feature, minmay_unequal
D:3:      lemuel_castle_with_subvaults [lemuel_castle_interior_carwin_1],
          layout_loops_corners, ebering_ecumenical_altar_webs,
          pf_guarded_unrand_delatra, uniq_natasha, uniq_terence

Skill      XL: |  1  2 |
---------------+-------+-----
Armour         | 1 |  1.8
Fighting       | |  2.4
Polearms       | |  2.0
Throwing       | |  0.8
Dodging        | |  1.8
Spellcasting   | |  2.1
Translocations | |  3.5

Action                   || total
-------------------------++-------
Melee: Spear             ||    53
       Punch             ||     1
       Dagger            ||    21
Throw: Boomerang         ||     2
 Cast: Blink             ||     1
 Abil: Spit Poison       ||    11
Armor: Leather armour    ||     8
Dodge: Dodged            ||    34
